 Dungeon Crawl Stone Soup version 0.31-a0-521-gc7390f8997 (webtiles) character file.

Game seed: 126285255745246184

131570 kae the Metamorph (level 16, 0/134 HPs)
             Began as a Yellow Draconian Shapeshifter on Aug 10, 2023.
             Was the Champion of Wu Jian.
             Slain by a two-headed ogre
             ... wielding a +0 giant spiked club
              (3 damage)
             ... while paralysed by an ogre mage
             ... on level 2 of the Orcish Mines.
             The game lasted 00:33:50 (22245 turns).

kae the Metamorph (Yellow Draconian Shapeshifter)  Turns: 22245, Time: 00:33:50

Health: 0/134      AC: 15    Str: 23    XL:     16   Next: 55%
Magic:  5/14       EV:  2    Int: 13    God:    Wu Jian [******]
Gold:   2736       SH:  0    Dex: 19    Spells: 6/25 levels left

rFire   . .          .
                       - Unarmed
rCold   . . .        (no shield)
rNeg    . . .        (body armour unavailable)
rPois   .            (helmet restricted)
rElec   +            q - +1 cloak of Starlight {*Dazzle EV+4 Stlth--}
rCorr   +            m - +0 pair of gloves of Hairiness {rElec MP-9 Int+3}
SInv    .            Q - +2 pair of boots
Will    +....        g - amulet of regeneration Stlth
                     Y - +4 ring of slaying
HPRegen 1.22/turn    S - +6 ring of strength
MPRegen 0.14/turn

%: no passive effects
@: paralysed, maw-form, studying Poison Magic
A: devouring maw, spit acid, AC +9, unfitting armour, acidic bite, cold-blooded,
acid resistance
a: Breathe Acid, Begin Untransformation, Renounce Religion, Wall Jump, Serpent's
Lash, Heavenly Storm


You were on level 2 of the Orcish Mines.
You worshipped Wu Jian.
Wu Jian was exalted by your worship.
You were a creature with a mouth for a stomach.
You visited 3 branches of the dungeon, and saw 22 of its levels.
You also visited: Ice Cave and Volcano.

You collected 2736 gold pieces.


Innate Abilities, Weirdness & Mutations

You are a creature with a mouth for a stomach.
Your midsection houses a second, enormous mouth.
You can spit globs of acid.
Your golden yellow scales are hard. (AC +9)
You cannot fit into any form of body armour.
You have acidic saliva.
You are cold-blooded and may be slowed by cold attacks.
You are resistant to acid. (rCorr)


   Skills:
 - Level 10.0 Fighting
 - Level 10.0 Dodging
 - Level 15.0 Unarmed Combat
 - Level 5.0 Spellcasting
 - Level 10.0 Translocations
 + Level 17.3 Shapeshifting


You had 6 spell levels left.
You knew the following spells:

 Your Spells              Type           Power      Damage    Failure   Level
a - Apportation           Tloc           58%        N/A       1%          1
b - Blink                 Tloc           58%        N/A       1%          2
c - Lesser Beckoning      Tloc           58%        N/A       1%          2
d - Gell's Gravitas       Tloc           29%        N/A       1%          3
e - Teleport Other        Tloc           29%        N/A       1%          3
f - Manifold Assault      Tloc           29%        N/A       3%          4
g - Passage of Golubria   Tloc           29%        N/A       3%          4

Your spell library contained the following spells:

 Spells                   Type           Power      Damage    Failure   Level
 Portal Projectile        Hex/Tloc       32%        N/A       7%          3
 Volatile Blastmotes      Fire/Tloc      32%        2d12      7%          3
 Foxfire                  Conj/Fire      12%        2x1d4     19%         1
 Freeze                   Ice            12%        1d3       19%         1
 Necrotise                Necr           12%        1d4       19%         1
 Sandblast                Erth           6%         2d5       19%         1
 Summon Small Mammal      Summ           12%        N/A       19%         1
 Iskenderun's Mystic Bla  Conj/Tloc      16%        2d5       24%         4
 Passwall                 Tmut/Erth      2%         N/A       28%         2
 Frozen Ramparts          Ice            6%         1d1       50%         3
 Hailstorm                Conj/Ice       3%         3d3       50%         3
 Ozocubu's Armour         Ice            3%         N/A       50%         3
 Stone Arrow              Conj/Erth      6%         3d7       50%         3
 Tukima's Dance           Hex            3%         N/A       50%         3
 Animate Dead             Necr           3%         N/A       88%         4
 Cause Fear               Hex            1%         N/A       88%         4
 Fulminant Prism          Conj/Hex       1%         3d5       88%         4
 Borgnjor's Vile Clutch   Necr/Erth      1%         N/A       99%         5
 Fireball                 Conj/Fire      1%         3d3       99%         5
 Metabolic Englaciation   Hex/Ice        1%         N/A       99%         5
 Silence                  Hex/Air        1%         N/A       99%         5
 Yara's Violent Unravell  Hex/Tmut       1%         3d3       99%         5
 Death Channel            Necr           1%         N/A       100%        6
 Plasma Beam              Fire/Air       1%         2x1d11    100%        6
 Simulacrum               Ice/Necr       1%         N/A       100%        6
 Starburst                Conj/Fire      1%         6d3       100%        6
 Ozocubu's Refrigeration  Ice            1%         4d7       100%        7
 Lehudib's Crystal Spear  Conj/Erth      1%         10d2      100%        8
 Dragon's Call            Summ           1%         N/A       100%        9
 Polar Vortex             Ice            1%         N/A       100%        9

Inventory:

Missiles
 B - 9 stones
 T - 3 curare-tipped darts {=f}
Armour
 m - the +0 pair of gloves of Hairiness (worn) {rElec MP-9 Int+3}
   (You acquired it on level 14 of the Dungeon)

   Int+3:     It affects your intelligence (+3).
   rElec:     It insulates you from electricity.
   MP-9:      It affects your magic capacity (-9).
 q - the +1 cloak of Starlight (worn) {*Dazzle EV+4 Stlth--}
   (You found it on level 5 of the Dungeon)

   *Dazzle:   It may blind those who miss an attack against the wearer in melee
   combat.
   EV+4:      It affects your evasion (+4).
   Stlth--:   It makes you much less stealthy.
 Q - a +2 pair of boots (worn)
   (You found it on level 2 of the Lair of Beasts)
Magical Staves
 V - the staff of Nemelex Xobeh's Grace {Str+3 Int-5 Dex+3 Stlth+ Earth, !a}
   (You found it on level 3 of the Lair of Beasts)

   [staff of earth]

   Base accuracy: +5 Base damage: 5 Base attack delay: 1.2 This weapon's minimum
   attack delay (0.6) is reached at skill level 12.
   Str+3:     It affects your strength (+3).
   Int-5:     It affects your intelligence (-5).
   Dex+3:     It affects your dexterity (+3).
   Stlth+:    It makes you more stealthy.
   Earth:     It increases the power of your Earth spells.
   It falls into the 'Staves' category.
   It is a one-handed weapon.
Jewellery
 f - a ring of protection from fire
   (You found it on level 5 of the Lair of Beasts)
 g - an amulet of regeneration (around neck)
   (You found it on level 3 of the Dungeon)
 v - a ring of see invisible
   (You found it on level 4 of the Lair of Beasts)
 C - a ring of ice
   (You found it on level 2 of the Dungeon)
 F - a ring of protection from fire
   (You found it on level 2 of the Lair of Beasts)
 G - the ring of Fegazec {+Blink rC- rN+++ Int+6 Stlth+}
   (You found it in an ice cave)

   [ring of intelligence]

   Int+6:     It affects your intelligence (+6).
   rC-:       It makes you vulnerable to cold.
   rN+++:     It renders you almost immune to negative energy.
   +Blink:    It lets you blink.
   Stlth+:    It makes you more stealthy.
 I - a +6 ring of intelligence
   (You found it on level 8 of the Dungeon)
 L - a ring of flight
   (You found it on level 1 of the Dungeon)
 N - a ring of positive energy
   (You found it on level 12 of the Dungeon)
 P - a ring of poison resistance
   (You found it on level 4 of the Dungeon)
 S - a +6 ring of strength (right hand)
   (You found it on level 1 of the Lair of Beasts)
 W - a ring of fire
   (You found it on level 4 of the Lair of Beasts)
 Y - a +4 ring of slaying (left hand)
   (You found it on level 5 of the Dungeon)
Talismans
 b - a beast talisman
 c - a flux talisman
 d - a blade talisman
   (You found it on level 1 of the Lair of Beasts)
 u - a maw talisman (active)
   (You found it on level 4 of the Dungeon)
Wands
 k - a wand of polymorph (5)
   (You found it on level 13 of the Dungeon)
 l - a wand of acid (3)
   (You found it on level 2 of the Lair of Beasts)
 w - a wand of charming (22)
   (You found it on level 6 of the Dungeon)
 x - a wand of roots (26)
   (You took it off Ijyb on level 4 of the Dungeon)
 z - a wand of flame (16)
   (You found it on level 10 of the Dungeon)
 R - a wand of digging (15)
   (You found it on level 8 of the Dungeon)
 U - a wand of mindburst (8)
   (You took it off an orc warrior on level 12 of the Dungeon)
Scrolls
 e - 2 scrolls of revelation
 r - 4 scrolls of enchant armour
 t - 5 scrolls of identify {@r1}
 y - 3 scrolls of immolation {!r!r}
 D - 2 scrolls of blinking {!r}
 H - 2 scrolls of fear
 K - a scroll of brand weapon
 Z - 2 scrolls of teleportation {@r4}
Potions
 a - 4 potions of lignification {!q}
 h - 5 potions of attraction {!q}
 i - 3 potions of ambrosia
 j - 3 potions of heal wounds {@q2}
 n - 4 potions of resistance
 p - a potion of brilliance
 s - 2 potions of magic
 A - a potion of mutation {!q}
 E - a potion of enlightenment
 J - a potion of haste {@q3}
 M - a potion of berserk rage {!q}
 O - 6 potions of might
 X - 7 potions of curing {@q1}
Miscellaneous
 o - a phial of floods
   (You found it on level 5 of the Lair of Beasts)

Dungeon Overview and Level Annotations

Branches:
Dungeon (15/15) Zot: 25766  Temple (0/1) D:6            Lair (5/5) D:11 Zot: 23654
 Shoals (0/4) Lair:3       Spider (0/4) Lair:2        Slime (0/5) Lair:4
    Orc (2/2) D:12 Zot: 11179     Elf (0/3) Orc:2        Vaults (0/5) D:14
 Depths (0/4) D:15          IceCv (visited)         Volcano (visited)

Altars:
Dithmenos
Fedhas
Makhleb
Ru
Uskayaw
Vehumet
Wu Jian
Xom
Yredelemnul
Zin
The Shining One
Jiyva

Shops:
D:7 :   D:15 *(

Annotations:
D:4 1 runed translucent door, Crazy Yiuf
D:6 4 runed translucent doors
D:7 1 runed translucent door, nay's ghost, novice MfGl
Lair:2 exclusion: oklob plant

#..## ###..####...OO###.###
.#..### #.#..#.####...).....##
......######.......###..)......#
........##.#.......###O........##
.........#..........#OO..........
.....))......###...O...........##
..............#..O.O.............
........)....##O.{..O.....#......
#......)).....##W##......###.....
##............#.##.......####....
###.....#.......#.........##.....
........#..................#.....
........#........................
.......###..........#..........##
.......# ###.......###........##
...#.### #.......###.#......##
...### ##....####....#...##


You could see a two-headed ogre (fast) and 7 ogres.


Message History

Unknown command.
You spin and attack the ogre.
You hit the ogre. You tail-slap the ogre!
You spin and attack the ogre.
You strike the helpless ogre from behind!
You pummel the ogre!!
You kill the ogre!
The Council accepts your kill. The ogre misses you.
The two-headed ogre closely misses you. The two-headed ogre misses you.
You see here a +0 giant club.
Unknown command. 😨 HP[+1]
The two-headed ogre is no longer blind.
You hear some strange, mumbled words.
The two-headed ogre seems to speed up.
The ogre seems to speed up.
Things that are here:
a +0 whip; a +0 short sword; a +0 flail; 😨 HP[+1]
You hear some strange, mumbled words.
Things that are here:
a +0 giant spiked club; a +0 morningstar; a +0 leather armour 😨 HP[+2]
You regained 2 hp, and now have 51/134 hp.
The two-headed ogre misses you.
The two-headed ogre hits you with a +0 giant club!
* * * LOW HITPOINT WARNING * * *
Things that are here:
a +0 dagger; a +0 robe; 😨 HP[-12]
You take 12 damage, and now have 39/134 hp.
Unknown command.
You punch the two-headed ogre! You bite the two-headed ogre.
The acid corrodes the two-headed ogre!
You bite the two-headed ogre!!
The two-headed ogre completely misses you. x2 😨 HP[+1]
You hit the two-headed ogre. You bite the two-headed ogre!
You kill the two-headed ogre!
The Council accepts your kill.
The two-headed ogre completely misses you.
The two-headed ogre barely misses you. 😨 MP[+1]
You barely miss the two-headed ogre.
You bite the two-headed ogre!!! 😨 HP[+1]
You pummel the two-headed ogre!!
You kill the two-headed ogre!
The Council accepts your kill. 😨 HP[+1]
You pummel the two-headed ogre!! You bite the two-headed ogre!
The acid corrodes the two-headed ogre!
The two-headed ogre closely misses you. The two-headed ogre misses you.
Something hits you!
* * * LOW HITPOINT WARNING * * *
Something misses you. 😱 HP[-11]
You take 11 damage, and now have 31/134 hp.
You pummel the two-headed ogre!!
You kill the two-headed ogre!
The Council accepts your kill. 😱 HP[+1]
The ogre attacks as you move away! The ogre closely misses you.
The ogre is temporarily struck blind!
Something hits you!
* * * LOW HITPOINT WARNING * * *
Something hits you but does no damage. 😱 HP[-7]
You take 7 damage, and now have 25/134 hp. 😱 HP[+1]
Something hits you but does no damage. 😱 HP[+2]
You regained 2 hp, and now have 28/134 hp.
You hear some strange, mumbled words.
The ogre seems to speed up. 😱 HP[+1] MP[+1] Unknown command.
You hear some strange, mumbled words. 😱 HP[+1] 😱 HP[+1] 😱 HP[+1]
Something hits you but does no damage. 😨 HP[+2]
You regained 2 hp, and now have 34/134 hp. 😨 HP[+1] 😨 HP[+1]
You hear some strange, mumbled words.
The two-headed ogre seems to speed up. 😨 HP[+1] MP[+1] 😨 HP[+2]
You regained 2 hp, and now have 39/134 hp.
You hear some strange, mumbled words.
You suddenly lose the ability to move!
Something hits you.
* * * LOW HITPOINT WARNING * * *
Something hits you!
* * * LOW HITPOINT WARNING * * *
Something hits you!
* * * LOW HITPOINT WARNING * * *
Something hits you but does no damage. x2
Something hits you.
* * * LOW HITPOINT WARNING * * *
Something hits you!
* * * LOW HITPOINT WARNING * * *
The two-headed ogre barely misses you.
The two-headed ogre hits you with a +0 giant club.
You die...

Skill      XL: |  1  2  3  4  5  6  7  8  9 10 11 12 13 14 15 16 |
---------------+-------------------------------------------------+-----
Shapeshifting  | 4 5 6 7 8 10 11 12 13 15 16 17 | 17.3
Unarmed Combat | 4 5 6 7 9 10 11 12 14 15 | 15.0
Fighting       | 9 10 | 10.0
Dodging        | 5 7 9 10 | 10.0
Translocations | 7 10 | 10.0
Spellcasting   | 4 5 |  5.0

Action                     |  1- 3 |  4- 6 |  7- 9 | 10-12 | 13-15 | 16-18 || total
---------------------------+-------+-------+-------+-------+-------+-------++-------
  Melee: Unarmed           |    96 |       |    92 |   615 |  1067 |   297 ||  2167
         Tailslap          |     8 |     6 |    46 |   100 |   220 |    49 ||   429
         Punch             |     1 |     6 |    13 |    51 |   124 |    33 ||   228
         Dagger            |     4 |    95 |   168 |       |       |       ||   267
         Maw               |       |       |    39 |   182 |   253 |    74 ||   548
         Bite              |       |       |       |       |   104 |    47 ||   151
   Cast: Manifold Assault  |       |       |       |       |     5 |     3 ||     8
         Blink             |       |       |       |       |       |     2 ||     2
         Gell's Gravitas   |       |       |       |       |       |     1 ||     1
 Invoke: Serpent's Lash    |       |       |       |       |       |     1 ||     1
Ability: Lunge             |       |     1 |    11 |    48 |    69 |    33 ||   162
         Begin Untransform |       |       |     1 |       |       |       ||     1
         Whirlwind         |       |       |     5 |     8 |    24 |    40 ||    77
         Breathe Acid      |       |       |     1 |     1 |       |     1 ||     3
  Evoke: Wand              |       |       |       |       |       |     1 ||     1
    Use: Scroll            |     4 |     4 |     4 |    10 |     8 |     1 ||    31
         Potion            |       |       |     1 |     6 |     2 |       ||     9
   Stab: Sleeping          |       |     1 |       |       |       |       ||     1
         Invisible         |       |       |    11 |    16 |    36 |     7 ||    70
         Distracted        |       |       |       |     1 |       |       ||     1
         Petrified         |       |       |       |       |     4 |       ||     4
         Petrifying        |       |       |       |       |     3 |       ||     3
         Paralysed         |       |       |       |       |     1 |       ||     1
 Armour: Skin              |    15 |    19 |    75 |   116 |   215 |    42 ||   482
  Dodge: Dodged            |    62 |    55 |   214 |   405 |   933 |   224 ||  1893
   Form: Maw               |       |       |     1 |       |       |       ||     1

Levels and vault maps discovered:
D:1:      onia_arrival_mini_spirals, layout_basic, grunt_decor_fettered
D:2:      layout_loops_ring, basic_altar
D:3:      layout_basic, minmay_cupped
D:4:      layout_cave_pods, pdpol_wu_jian_five_deadly_venoms,
          nicolae_dithmenos_the_darkroom, minmay_misc_feat_tiny,
          kennysheep_small_circle, uniq_crazy_yiuf_cottage, uniq_ijyb
D:5:      layout_cave_pods
D:6:      layout_rooms, gammafunk_temple_overflow_elements,
          eat_drink_and_be_merry_uskayaw, minmay_temple_entry_gardened_gates,
          minmay_hollow_rounded_squares
D:7:      layout_rooms, nicolae_ru_great_annihilating_truth, ebering_ghost_xom,
          serial_shops, nicolae_inconvenience_store, uniq_joseph, uniq_menkaure
D:8:      layout_gridville
D:9:      layout_rooms, lemuel_round_altar, uniq_harold, uniq_pikel,
          uniq_maurice
D:10:     layout_roguey
D:11:     layout_basic, portal_ice_cave_rime, grunt_ministairs_15,
          kennysheep_island_fort, uniq_lodul
D:12:     layout_gridville, minmay_orc_entry_temple_small, uniq_snorg,
          uniq_fannar
D:13:     layout_small_grid, uniq_nessos, uniq_azrael, uniq_frances
D:14:     layout_roguey, erik_vaults_2
D:15:     gammafunk_depths_entry_grave, layout_long_grid, zin_angel,
          nicolae_wooded_promenade, uniq_louise, uniq_josephine
Lair:1:   layout_layer_cave
Lair:2:   hangedman_what_comes_after_a, layout_layer_cave,
          nicolae_spider_entry_tight_spaces
Lair:3:   gammafunk_mikee_crab_dinner, layout_misc_corridors,
          shoals_dummy_entry, ebering_ghost_xom, grunt_megastairs_5,
          lemuel_fruit_tree, lemuel_fruit_fields
Lair:4:   layout_roguey, slime_entry_1, enter_volcano_4, serial_bayou_lagoon_a,
          pond, grunt_megastairs_1
Lair:5:   gammafunk_lair_ancient_temple, layout_regular_city,
          serial_bayou_shore_a, infiniplex_staircase_pool
Orc:1:    layout_caves, basic_altar, uniq_sonja, uniq_gastronok
Orc:2:    st_orc_ogre_mass, layout_diamond_mine, serial_shops,
          nicolae_lakefront_shop

Notes
Turn   | Place    | Note
-------+----------+-------------------------------------------
     0 | D:1      | kae the Draconian Shapeshifter began the quest for the Orb.
     0 | D:1      | Reached XP level 1. HP: 16/16 MP: 1/1
     0 | D:1      | magus.rc [v1.11.3]
   236 | D:1      | Reached XP level 2. HP: 20/23 MP: 2/2
   473 | D:1      | You pick up a book of Cantrips and begin reading...
   473 | D:1      | You add the spells Necrotise, Summon Small Mammal and
                  | Apportation to your library.
   751 | D:2      | Identified the +2 pair of gloves "Nossus" {rF- Will+++
                  | rCorr}
   778 | D:2      | Identified the +2 pair of boots of the End {Fly Will++
                  | rCorr Dex-2}
   822 | D:2      | Found a basalt altar of Yredelemnul.
   971 | D:2      | Reached XP level 3. HP: 22/28 MP: 3/3
  1443 | D:3      | Reached skill level 4 in Shapeshifting
  1560 | D:3      | Identified the +6 dagger "Bowoupn" {flame, rC+ Str+3}
  1601 | D:3      | Reached XP level 4. HP: 19/35 MP: 4/4
  1810 | D:3      | You pick up a book of Winter and begin reading...
  1810 | D:3      | You add the spells Ozocubu's Armour, Metabolic Englaciation
                  | and Simulacrum to your library.
  2039 | D:2      | Reached skill level 4 in Unarmed Combat
  2249 | D:3      | You pick up a book of Weapons and begin reading...
  2249 | D:3      | You add the spells Tukima's Dance, Portal Projectile and
                  | Iskenderun's Mystic Blast to your library.
  2718 | D:4      | Reached XP level 5. HP: 40/40 MP: 5/5
  2961 | D:4      | Found a shadowy altar of Dithmenos.
  3133 | D:4      | Reached skill level 5 in Shapeshifting
  3190 | D:4      | Noticed Ijyb
  3198 | D:4      | Killed Ijyb
  3199 | D:4      | Reached XP level 6. HP: 21/47 MP: 6/6
  3264 | D:4      | Found a runed translucent door.
  3265 | D:4      | Noticed Crazy Yiuf
  3364 | D:4      | Found an ornate altar of the Wu Jian Council.
  3631 | D:4      | Noticed a spectral centipede
  3631 | D:4      | Noticed a spectral black mamba
  3631 | D:4      | Noticed a spectral cane toad
  3632 | D:4      | Became a worshipper of the Wu Jian Council
  3724 | D:5      | Entered Level 5 of the Dungeon
  3914 | D:5      | Reached skill level 5 in Unarmed Combat
  3957 | D:5      | Reached skill level 6 in Shapeshifting
  3957 | D:5      | Your scales start taking on a golden yellow colour.
  3957 | D:5      | Reached XP level 7. HP: 49/52 MP: 7/7
  3957 | D:5      | Gained mutation: You are resistant to acid. (rCorr) [Yellow
                  | Draconian growth]
  4182 | D:5      | Found the +1 cloak of Starlight {*Dazzle EV+4 Stlth--}
  4383 | D:5      | Reached * piety under Wu Jian
  4389 | D:5      | Reached skill level 6 in Unarmed Combat
  4510 | D:6      | Found a staircase to the Ecumenical Temple.
  4513 | D:6      | Reached skill level 7 in Shapeshifting
  4513 | D:6      | Reached XP level 8. HP: 59/59 MP: 8/8
  4611 | D:6      | You pick up a book of the Moon and begin reading...
  4611 | D:6      | You add the spells Passage of Golubria, Silence and
                  | Lehudib's Crystal Spear to your library.
  4778 | D:6      | Found a large runed translucent door.
  4778 | D:6      | Found a large runed translucent door.
  4824 | D:6      | Reached skill level 8 in Shapeshifting
  4832 | D:6      | Reached skill level 7 in Unarmed Combat
  4890 | D:6      | Found a large runed translucent door.
  4890 | D:6      | Found a large runed translucent door.
  4913 | D:6      | Found a hide-covered altar of Uskayaw.
  5044 | D:6      | Noticed a boulder beetle
  5059 | D:6      | Noticed a troll
  5066 | D:6      | HP: 2/54 [boulder beetle (13)]
  5067 | D:6      | Killed a boulder beetle
  5068 | D:6      | Reached XP level 9. HP: 23/64 MP: 9/9
  5242 | D:6      | Reached skill level 9 in Shapeshifting
  5265 | D:6      | You pick up a book of Frost and begin reading...
  5265 | D:6      | You add the spells Freeze, Frozen Ramparts and Hailstorm to
                  | your library.
  5334 | D:6      | Found a blossoming altar of Fedhas.
  5334 | D:6      | Found a glowing golden altar of the Shining One.
  5387 | D:7      | Noticed Joseph
  5408 | D:7      | Killed Joseph
  5409 | D:7      | Reached skill level 8 in Unarmed Combat
  5475 | D:7      | Reached ** piety under Wu Jian
  5498 | D:7      | Found a runed translucent door.
  5498 | D:7      | Found a shimmering altar of Xom.
  5498 | D:7      | Noticed nay's ghost (novice MfGl)
  5499 | D:7      | Noticed a +1 trident of chaos
  5539 | D:7      | Found a sacrificial altar of Ru.
  5565 | D:7      | Found Hoshrum's Book Shoppe.
  5576 | D:7      | Noticed Menkaure
  5581 | D:7      | Killed Menkaure
  5590 | D:7      | Reached skill level 10 in Shapeshifting
  5597 | D:7      | Reached skill level 9 in Unarmed Combat
  5926 | D:7      | Reached XP level 10. HP: 71/71 MP: 10/10
  6043 | D:8      | Reached skill level 2 in Fighting
  6133 | D:8      | You pick up a book of Displacement and begin reading...
  6133 | D:8      | You add the spells Lesser Beckoning, Gell's Gravitas and
                  | Teleport Other to your library.
  6147 | D:8      | Reached skill level 10 in Unarmed Combat
  6209 | D:8      | Reached skill level 3 in Fighting
  6448 | D:8      | Reached *** piety under Wu Jian
  6449 | D:8      | Reached skill level 4 in Fighting
  6778 | D:9      | HP: 17/80 [something (5)]
  6781 | D:9      | HP: 8/80 [something (4)]
  6786 | D:9      | Noticed Maurice
  6803 | D:9      | Reached skill level 5 in Fighting
  6868 | D:9      | Noticed Harold
  6874 | D:9      | Killed Harold
  6875 | D:9      | Reached skill level 6 in Fighting
  7039 | D:9      | Reached skill level 7 in Fighting
  7219 | D:9      | Reached skill level 8 in Fighting
  7300 | D:9      | Reached skill level 9 in Fighting
  7307 | D:9      | You add the spells Blink and Manifold Assault to your
                  | library.
  7356 | D:9      | You pick up a book of Fire and begin reading...
  7356 | D:9      | You add the spells Foxfire, Plasma Beam and Starburst to
                  | your library.
  7369 | D:9      | Found a burning altar of Makhleb.
  7378 | D:9      | Noticed Pikel
  7393 | D:9      | HP: 14/91 [Pikel/+1 whip of electrocution (19)]
  7394 | D:9      | Killed Pikel
  7394 | D:9      | Reached **** piety under Wu Jian
  7395 | D:9      | Reached XP level 11. HP: 16/99 MP: 11/11
  7398 | D:9      | HP: 16/99 [poisoned by a kobold]
  7403 | D:9      | HP: 22/99 [poisoned by a kobold]
  7642 | D:10     | Entered Level 10 of the Dungeon
  7656 | D:10     | You pick up a book of the Dragon and begin reading...
  7656 | D:10     | You add the spells Cause Fear, Fireball and Dragon's Call
                  | to your library.
  7687 | D:10     | You pick up a book of Geomancy and begin reading...
  7687 | D:10     | You add the spells Sandblast, Passwall and Stone Arrow to
                  | your library.
  7802 | D:10     | Reached skill level 10 in Fighting
  7823 | D:10     | Reached skill level 2 in Dodging
  7996 | D:10     | Noticed a two-headed ogre
  8002 | D:10     | Killed a two-headed ogre
  8126 | D:10     | Reached skill level 3 in Dodging
  8211 | D:11     | Noticed Lodul
  8362 | D:11     | Noticed a white ugly thing
  8366 | D:11     | Killed a white ugly thing
  8367 | D:11     | Reached skill level 4 in Dodging
  8384 | D:11     | Found a staircase to the Lair.
  8581 | D:11     | Reached skill level 11 in Unarmed Combat
  8691 | D:11     | Killed Lodul
  8699 | D:11     | Reached skill level 5 in Dodging
  8765 | D:11     | Found a frozen archway.
  8777 | IceCv    | Entered an ice cave
  8899 | IceCv    | Reached ***** piety under Wu Jian
  9054 | IceCv    | Reached skill level 11 in Shapeshifting
  9164 | IceCv    | Reached XP level 12. HP: 106/106 MP: 12/12
  9492 | IceCv    | You pick up a book of Ice and begin reading...
  9492 | IceCv    | You add the spells Ozocubu's Refrigeration and Polar Vortex
                  | to your library.
  9515 | IceCv    | Noticed a reaper
  9530 | IceCv    | Killed a reaper
  9531 | IceCv    | Reached skill level 6 in Dodging
  9538 | IceCv    | HP: 15/106 [three-headed hydra simulacrum (15)]
  9630 | IceCv    | Identified the ring of Fegazec {+Blink rC- rN+++ Int+6
                  | Stlth+}
  9643 | IceCv    | Identified a +2 crystal plate armour of cold resistance
 10354 | D:11     | Noticed a two-headed ogre
 10436 | D:11     | Noticed a yaktaur captain
 10546 | Lair:1   | Entered Level 1 of the Lair of Beasts
 10624 | Lair:1   | Reached skill level 12 in Unarmed Combat
 11508 | Lair:1   | Reached skill level 7 in Dodging
 12066 | Lair:2   | Noticed a four-headed hydra
 12108 | Lair:2   | Killed a four-headed hydra
 12109 | Lair:2   | Reached skill level 12 in Shapeshifting
 12132 | Lair:2   | Reached XP level 13. HP: 113/113 MP: 13/13
 12135 | Lair:2   | Reached ****** piety under Wu Jian
 12136 | Lair:2   | Reached skill level 8 in Dodging
 12161 | Lair:2   | Reached skill level 13 in Unarmed Combat
 12396 | Lair:2   | Found a hole to the Spider Nest.
 13546 | Lair:3   | Reached skill level 9 in Dodging
 13686 | Lair:3   | You fall into a shaft and drop 2 floors!
 13686 | Lair:5   | Entered Level 5 of the Lair of Beasts
 13808 | Lair:5   | Reached skill level 14 in Unarmed Combat
 13910 | Lair:5   | Reached skill level 13 in Shapeshifting
 14045 | Lair:4   | Found a staircase to the Slime Pits.
 14045 | Lair:4   | Found a viscous altar of Jiyva.
 14173 | Lair:4   | Found a dark tunnel.
 14178 | Volcano  | Entered a volcano
 14211 | Volcano  | Gained mutation: You have acidic saliva. [Yellow Draconian
                  | growth]
 14211 | Volcano  | Reached XP level 14. HP: 120/120 MP: 14/14
 14215 | Volcano  | Reached skill level 10 in Dodging
 14593 | Lair:3   | Found a runed translucent door.
 14594 | Lair:3   | Found a shimmering altar of Xom.
 14594 | Lair:3   | Noticed Vorhees's ghost (journeyman GnDe)
 14795 | Lair:3   | Found a staircase to the Shoals.
 14863 | Lair:3   | Found a runed translucent door.
 15088 | Lair:3   | Reached skill level 15 in Unarmed Combat
 15104 | Lair:3   | Killed Vorhees's ghost
 15204 | Lair:3   | Reached skill level 14 in Shapeshifting
 15534 | Lair:3   | Identified the staff of Nemelex Xobeh's Grace {Str+3 Int-5
                  | Dex+3 Stlth+ Earth}
 16487 | Lair:5   | Reached skill level 15 in Shapeshifting
 16589 | Lair:5   | HP: 28/121 [snapping turtle (24)]
 16591 | Lair:5   | HP: 6/121 [snapping turtle (15)]
 16612 | Lair:5   | Reached XP level 15. HP: 104/126 MP: 15/15
 16755 | Lair:5   | You pick up a book of Blasting and begin reading...
 16755 | Lair:5   | You add the spells Volatile Blastmotes and Fulminant Prism
                  | to your library.
 16824 | Lair:5   | You pick up a book of Unlife and begin reading...
 16824 | Lair:5   | You add the spells Animate Dead, Borgnjor's Vile Clutch and
                  | Death Channel to your library.
 16826 | Lair:5   | Identified the +9 quick blade "Siyzyuf" {heavy, +Blink rC+}
 17010 | Lair:5   | Reached skill level 16 in Shapeshifting
 17495 | D:12     | You fall into a shaft and drop 1 floor!
 17521 | D:13     | Reached skill level 1 in Translocations
 17521 | D:13     | Noticed Azrael
 17531 | D:13     | Killed Azrael
 17532 | D:13     | Reached skill level 1 in Spellcasting
 17543 | D:13     | Reached skill level 2 in Translocations
 17611 | D:13     | Noticed Frances
 17618 | D:13     | Killed Frances
 17763 | D:12     | Reached skill level 3 in Translocations
 17769 | D:12     | Found a staircase to the Orcish Mines.
 17809 | D:12     | Noticed Snorg
 17818 | D:12     | Killed Snorg
 17819 | D:12     | Reached skill level 2 in Spellcasting
 17901 | D:12     | Noticed Fannar
 17912 | D:12     | Killed Fannar
 17913 | D:12     | Reached skill level 4 in Translocations
 18347 | D:12     | Killed Maurice
 18605 | D:13     | Learned a level 1 spell: Apportation
 18608 | D:13     | Learned a level 2 spell: Blink
 18611 | D:13     | Learned a level 2 spell: Lesser Beckoning
 18615 | D:13     | Learned a level 3 spell: Gell's Gravitas
 18619 | D:13     | Learned a level 3 spell: Teleport Other
 18624 | D:13     | Learned a level 4 spell: Manifold Assault
 18629 | D:13     | Learned a level 4 spell: Passage of Golubria
 18644 | D:13     | Noticed Nessos
 18651 | D:13     | Killed Nessos
 19057 | D:13     | Reached skill level 3 in Spellcasting
 19192 | D:14     | Reached skill level 5 in Translocations
 19218 | D:14     | You pick up a book of the Dragon and begin reading...
 19276 | D:14     | Identified a scroll of acquirement
 19276 | D:14     | Acquired the +0 pair of gloves of Hairiness {rElec MP-9
                  | Int+3}
 19405 | D:14     | HP: 30/126 [skeletal warrior/+0 trident (7)]
 19407 | D:14     | Reached skill level 6 in Translocations
 19629 | D:14     | Reached skill level 4 in Spellcasting
 19849 | D:14     | Found a gate to the Vaults.
 19861 | D:14     | Reached skill level 7 in Translocations
 20146 | D:15     | Entered Level 15 of the Dungeon
 20168 | D:15     | Reached XP level 16. HP: 120/134 MP: 0/23
 20178 | D:15     | Reached skill level 5 in Spellcasting
 20180 | D:15     | Noticed Louise
 20190 | D:15     | Killed Louise
 20191 | D:15     | Reached skill level 8 in Translocations
 20298 | D:15     | Found Eckiw's Antique Weapon Shoppe.
 20303 | D:15     | Found Osuapnoda's General Store.
 20406 | D:15     | Found a glowing silver altar of Zin.
 20500 | D:15     | HP: 32/134 [spriggan defender skeleton (9)]
 20501 | D:15     | Noticed Josephine
 20593 | D:15     | Killed Josephine
 20811 | D:15     | HP: 33/134 [orc/+0 club[an orc knight] (1)]
 20812 | D:15     | HP: 15/134 [orc knight/+0 battleaxe (3)]
 20984 | D:15     | Reached skill level 9 in Translocations
 20996 | D:15     | HP: 33/134 [skeletal warrior/+0 war axe (9)]
 21160 | D:15     | Found a staircase to the Depths.
 21404 | Orc:1    | Entered Level 1 of the Orcish Mines
 21404 | Orc:1    | Noticed Sonja
 21411 | Orc:1    | Killed Sonja
 21414 | Orc:1    | Noticed Gastronok
 21421 | Orc:1    | Killed Gastronok
 21595 | Orc:1    | Found a radiant altar of Vehumet.
 21804 | Orc:2    | Entered Level 2 of the Orcish Mines
 21932 | Orc:2    | Found a staircase to the Elven Halls.
 22068 | Orc:2    | Reached skill level 10 in Translocations
 22193 | Orc:2    | Reached skill level 17 in Shapeshifting
 22227 | Orc:2    | HP: 31/134 [something (12)]
 22241 | Orc:2    | Paralysed by something for 5 turns
 22242 | Orc:2    | HP: 29/134 [something (8)]
 22244 | Orc:2    | HP: 11/134 [something (6)]
 22244 | Orc:2    | HP: 1/134 [something (10)]
 22245 | Orc:2    | Slain by a two-headed ogre

Vanquished Creatures
  Frances (D:13)
  Gastronok (Orc:1)
  Louise (D:15)
  A caustic shrike zombie (D:15)
  A reaper (IceCv)
  Nessos (D:13)
  Azrael (D:13)
  The ghost of Vorhees the Nimble, a journeyman GnDe of Ashenzari (Lair:3)
  Snorg (D:12)
  An ettin (Orc:2)
  Josephine (D:15)
  5 entropy weavers (Lair:3)
  Fannar (D:12)
  6 hydras
  8 vault guards (D:14)
  Harold (D:9)
  A catoblepas (Lair:5)
  2 ogre magi
  2 ghost crabs (Lair:3)
  A spriggan skeleton (D:15)
  2 boulder beetles
  3 centaur warriors (D:14)
  A merfolk avatar (Lair:5)
  15 two-headed ogres
  A dancing weapon (Lair:3)
  9 death yaks
  2 tengu warriors (D:14)
  Sonja (Orc:1)
  11 skeletal warriors
  4 fire crabs (Lair:3)
  A skyshark (Lair:5)
  2 sea snakes (Lair:5)
  Lodul (D:11)
  2 lindwurms
  A deep elf archer (Volcano)
  A necromancer (D:15)
  A phantasmal warrior (D:15)
  Pikel (D:9)
  2 orc knights (D:15)
  2 harpies (Lair:5)
  A tengu skeleton (D:15)
  10 deep elf pyromancers
  6 manticores
  6 cyclopes
  Maurice (D:12)
  10 ugly things
  16 elephants
  An ice statue (IceCv)
  Joseph (D:7)
  An apocalypse crab (Lair:3)
  9 black mambas
  13 cane toads
  A gargoyle (D:13)
  7 rime drakes
  10 komodo dragons
  An unseen horror (D:10)
  2 freezing wraiths
  An efreet (D:15)
  An anaconda simulacrum (IceCv)
  A guardian mummy (D:15)
  4 trolls
  6 polar bears
  A queen bee (Lair:2)
  A hornet (Lair:5)
  A hornet (shapeshifter) (D:14)
  15 blink frogs
  A snapping turtle (Lair:5)
  7 dream sheep (Lair:5)
  A jumping spider (Lair:2)
  An ettin skeleton (D:15)
  11 slime creatures (D:12)
  2 shadows (D:10)
  3 culicivoras (Lair:2)
  3 water elementals (D:11)
  7 wraiths
  39 yaks
  2 vampires
  12 wyverns
  9 fire elementals
  3 steam dragons
  A redback (shapeshifter) (D:13)
  15 vampire mosquitoes
  4 redbacks (Lair:2)
  4 basilisks
  Menkaure (D:7)
  2 wargs
  An acid dragon (D:9)
  18 water moccasins
  6 hell hounds
  2 hydra simulacra (IceCv)
  A swamp drake (Lair:4)
  A sky beast (D:6)
  6 ice beasts
  21 orc warriors
  2 black bears (D:5)
  17 ogres
  10 centaurs
  10 wolves
  A phantom (D:6)
  5 kobold brigands
  13 bullfrogs
  2 gnoll sergeants
  7 two-headed ogre simulacra (IceCv)
  A cane toad simulacrum (IceCv)
  6 scorpions
  8 wights
  5 elephant simulacra (IceCv)
  48 killer bees
  3 howler monkeys
  9 electric eels
  4 hounds
  19 orc priests
  3 jellies
  2 sleepcaps
  Ijyb (D:4)
  4 hell rats (Lair:1)
  4 iguanas
  26 orc wizards
  3 polar bear simulacra (IceCv)
  7 spriggan simulacra (IceCv)
  6 troll simulacra (IceCv)
  2 wolf simulacra (IceCv)
  14 gnolls
  A river rat (Lair:2)
  2 adders
  4 naga simulacra (IceCv)
  A shadow imp (D:5)
  3 white imps (IceCv)
  5 ufetubi
  4 dart slugs
  73 orcs
  8 endoplasms
  5 giant cockroaches
  4 goblins
  7 hobgoblins
  8 jackals
  6 quokkas
  7 ball pythons
  A bat (D:2)
  3 frilled lizards
  23 kobolds
  4 rats
  2 butterflies (Lair:3)
825 creatures vanquished.

Table legend:
 A = Non-vault XP
 B = Vault XP
 C = Vault XP percentage of total XP
 D = Non-vault monster count
 E = Vault monster count
 F = Vault count percentage of total count
                 A         B        C        D         E       F
            +---------+---------+-------+---------+---------+-------
      Total |  104516 |   83442 |  44.4 |     549 |     274 |  33.3
            +---------+---------+-------+---------+---------+-------
        D:1 |      25 |       0 |   0.0 |      13 |       0 |   0.0
        D:2 |     106 |       0 |   0.0 |      23 |       0 |   0.0
        D:3 |      59 |       4 |   6.3 |      13 |       2 |  13.3
        D:4 |     132 |      77 |  36.8 |      20 |       3 |  13.0
        D:5 |     909 |       0 |   0.0 |      25 |       0 |   0.0
        D:6 |     721 |    1467 |  67.0 |      20 |       9 |  31.0
        D:7 |    1371 |     667 |  32.7 |      25 |       6 |  19.4
        D:8 |    1448 |       0 |   0.0 |      29 |       0 |   0.0
        D:9 |    2709 |    1472 |  35.2 |      30 |       2 |   6.2
       D:10 |    3093 |       0 |   0.0 |      21 |       0 |   0.0
       D:11 |    4359 |    3267 |  42.8 |      24 |      16 |  40.0
       D:12 |    5856 |    2566 |  30.5 |      36 |      11 |  23.4
       D:13 |    4579 |    5109 |  52.7 |      16 |      11 |  40.7
       D:14 |   15627 |    7017 |  31.0 |      27 |       8 |  22.9
       D:15 |   13404 |    8369 |  38.4 |      28 |      15 |  34.9
     Lair:1 |    4628 |       0 |   0.0 |      22 |       0 |   0.0
     Lair:2 |    6104 |    9851 |  61.7 |      20 |      63 |  75.9
     Lair:3 |   13012 |   11845 |  47.7 |      26 |      16 |  38.1
     Lair:4 |    5109 |    2311 |  31.1 |      21 |      14 |  40.0
     Lair:5 |   16902 |    8959 |  34.6 |      55 |      20 |  26.7
      Orc:1 |    1538 |    2254 |  59.4 |      15 |       2 |  11.8
      Orc:2 |    2825 |    8016 |  73.9 |      40 |      14 |  25.9
      IceCv |       0 |    4170 | 100.0 |       0 |      47 | 100.0
    Volcano |       0 |    6021 | 100.0 |       0 |      15 | 100.0
            +---------+---------+-------+---------+---------+-------

Skill      XL: |  1  2  3  4  5  6  7  8  9 10 11 12 13 14 15 16 |
---------------+-------------------------------------------------+-----
Shapeshifting  | 4 5 6 7 8 10 11 12 13 15 16 17 | 17.3
Unarmed Combat | 4 5 6 7 9 10 11 12 14 15 | 15.0
Fighting       | 9 10 | 10.0
Dodging        | 5 7 9 10 | 10.0
Translocations | 7 10 | 10.0
Spellcasting   | 4 5 |  5.0

Action                     |  1- 3 |  4- 6 |  7- 9 | 10-12 | 13-15 | 16-18 || total
---------------------------+-------+-------+-------+-------+-------+-------++-------
  Melee: Unarmed           |    96 |       |    92 |   615 |  1067 |   297 ||  2167
         Tailslap          |     8 |     6 |    46 |   100 |   220 |    49 ||   429
         Punch             |     1 |     6 |    13 |    51 |   124 |    33 ||   228
         Dagger            |     4 |    95 |   168 |       |       |       ||   267
         Maw               |       |       |    39 |   182 |   253 |    74 ||   548
         Bite              |       |       |       |       |   104 |    47 ||   151
   Cast: Manifold Assault  |       |       |       |       |     5 |     3 ||     8
         Blink             |       |       |       |       |       |     2 ||     2
         Gell's Gravitas   |       |       |       |       |       |     1 ||     1
 Invoke: Serpent's Lash    |       |       |       |       |       |     1 ||     1
Ability: Lunge             |       |     1 |    11 |    48 |    69 |    33 ||   162
         Begin Untransform |       |       |     1 |       |       |       ||     1
         Whirlwind         |       |       |     5 |     8 |    24 |    40 ||    77
         Breathe Acid      |       |       |     1 |     1 |       |     1 ||     3
  Evoke: Wand              |       |       |       |       |       |     1 ||     1
    Use: Scroll            |     4 |     4 |     4 |    10 |     8 |     1 ||    31
         Potion            |       |       |     1 |     6 |     2 |       ||     9
   Stab: Sleeping          |       |     1 |       |       |       |       ||     1
         Invisible         |       |       |    11 |    16 |    36 |     7 ||    70
         Distracted        |       |       |       |     1 |       |       ||     1
         Petrified         |       |       |       |       |     4 |       ||     4
         Petrifying        |       |       |       |       |     3 |       ||     3
         Paralysed         |       |       |       |       |     1 |       ||     1
 Armour: Skin              |    15 |    19 |    75 |   116 |   215 |    42 ||   482
  Dodge: Dodged            |    62 |    55 |   214 |   405 |   933 |   224 ||  1893
   Form: Maw               |       |       |     1 |       |       |       ||     1

Illustrated notes

Table legend:
 A = Kills in this place as a percentage of kills in the entire game.
 B = Kills by you in this place as a percentage of kills by you in the entire game.
 C = Kills by friends in this place as a percentage of kills by friends in the entire game.
 D = Other kills in this place as a percentage of other kills in the entire game.
 E = Experience gained in this place as a percentage of experience gained in the entire game.
 F = Experience gained in this place divided by the number of levels of this place that you have seen.
                   A       B       C       D       E      F
               +-------+-------+-------+-------+-------+----------------------
         Total | 100.0 | 100.0 |   N/A |   N/A | 100.0 | 7831.6
       Dungeon |  52.6 |  52.6 |   N/A |   N/A |  44.9 | 5627.5
          Lair |  31.2 |  31.2 |   N/A |   N/A |  41.9 | 15744.2
  Orcish Mines |   8.6 |   8.6 |   N/A |   N/A |   7.8 | 7316.5
      Ice Cave |   5.7 |   5.7 |   N/A |   N/A |   2.2 | 4170.0
       Volcano |   1.8 |   1.8 |   N/A |   N/A |   3.2 | 6021.0
               +-------+-------+-------+-------+-------+----------------------

Table legend: (Time is in decaauts)
 A = Elapsed time spent in this place.
 B = Non-inter-level travel time spent in this place.
 C = Inter-level travel time spent in this place.
 D = Time resting spent in this place.
 E = Time spent auto-exploring this place.
 F = Levels seen in this place.
 G = Mean time per level.
                   A        B        C        D        E       F      G
               +--------+--------+--------+--------+--------+-----+--------+
         Total |  21870 |  20717 |   1153 |   1820 |  14157 |  24 |  911.2 |
       Dungeon |  13629 |  12863 |    766 |   1114 |   8923 |  15 |  908.6 |
          Lair |   6345 |   5971 |    374 |    355 |   4222 |   5 | 1269.0 |
  Orcish Mines |    819 |    807 |     12 |     53 |    559 |   2 |  409.5 |
      Ice Cave |    868 |    868 |      0 |    288 |    382 |   1 |  868.0 |
       Volcano |    208 |    208 |      0 |      9 |     70 |   1 |  208.0 |
               +--------+--------+--------+--------+--------+-----+--------+

Top non-repeatable levels by time:
  Lair:2: 1698 daAuts
  Lair:3: 1360 daAuts
    D:11: 1346 daAuts
  Lair:1: 1332 daAuts
    D:14: 1175 daAuts
     D:3: 1136 daAuts
    D:12: 1063 daAuts
  Lair:5: 1022 daAuts
     D:4: 1010 daAuts
    D:15: 977 daAuts
  Lair:4: 931 daAuts
     D:2: 910 daAuts
     D:8: 894 daAuts
   IceCv: 868 daAuts
     D:6: 861 daAuts
